 Dungeon Crawl Stone Soup version 0.24-a0-203-gf0bc1e9 (console) character file.

Game seed: 13901978939911962960

4 bli the Magician (level 1, 0/15 HPs)
             Began as a Demonspawn Wanderer on Mar 26, 2019.
             Slain by a jackal (1 damage)
             ... on level 1 of the Dungeon.
             The game lasted 00:01:49 (182 turns).

bli the Magician (Demonspawn Wanderer)               Turns: 182, Time: 00:01:49

Health: 0/15       AC:  3    Str: 14    XL:     1   Next: 58%
Magic:  4/5        EV: 10    Int: 12    God:
Gold:   0          SH:  0    Dex: 11    Spells: 7/8 levels left

rFire    . . .     SeeInvis .   b - +0 club
rCold    . . .     Gourm    .   (no shield)
rNeg     . . .     Faith    .   h - +0 leather armour
rPois    .         Spirit   .   (no helmet)
rElec    .         Reflect  .   (no cloak)
rCorr    .         Harm     .   (no gloves)
MR       .....                  (no boots)
Stlth    +.........             (no amulet)
HPRegen  0.05/turn              (no ring)
MPRegen  0.09/turn              (no ring)

@: no status effects
A: no striking features
a: no special abilities


You were on level 1 of the Dungeon.
You were not hungry.

You visited 1 branch of the dungeon, and saw 1 of its levels.

Inventory:

Hand Weapons
 a - a +0 hand crossbow
 b - a +0 club (weapon)
Missiles
 c - 24 bolts
 g - 3 stones (quivered)
 i - 15 sling bullets
Armour
 e - a +0 robe
 h - a +0 leather armour (worn)
Scrolls
 d - a scroll of teleportation
Comestibles
 f - 3 rations


   Skills:
 + Level 1.0 Fighting
 + Level 1.1 Maces & Flails
 - Level 1.0 Throwing
 + Level 1.0 Armour
 + Level 4.1 Spellcasting
   Level 1.1 Necromancy
   Level 1.0 Evocations


You had 7 spell levels left.
You knew the following spells:

 Your Spells              Type           Power        Failure   Level  Hunger
a - Magic Dart            Conj           #...         26%         1    None

Your spell library contained the following spells:

 Spells                   Type           Power        Failure   Level  Hunger
 Blink                    Tloc           N/A          38%         2    ##.....
 Call Imp                 Summ           #.......     38%         2    ##.....
 Slow                     Hex            #.......     38%         2    ##.....
 Conjure Flame            Conj/Fire      #.......     63%         3    ###....
 Mephitic Cloud           Conj/Pois/Air  #.......     63%         3    ###....


Dungeon Overview and Level Annotations

Branches:
Dungeon (1/15)

Altars:


Message History

The jackal bites you but does no damage.
You barely miss the jackal.
The jackal is severely wounded.
The jackal barely misses you. The jackal bites you.
The jackal closely misses you.
The jackal bites you but does no damage.
You barely miss the jackal. The jackal bites you.
The jackal bites you but does no damage.
The jackal misses you. The jackal barely misses you.
The jackal closely misses you. The jackal barely misses you.
The jackal bites you but does no damage.
The jackal misses you.
The jackal bites you but does no damage.
The jackal bites you.
* * * LOW HITPOINT WARNING * * *
The jackal bites you.
* * * LOW HITPOINT WARNING * * *
You barely miss the jackal.
The jackal is heavily wounded.
The jackal bites you.
You die...

#......# ####..
###......####.....
...............###
#......†....##
###......######
######........#
#...................
#.####..............
##..###...############
...#.....## .....###@#
......##h#
.$###...h####
............# .
......###...#####...
.###................
#...#####.....##..
#..# ##........ ...#
.....$... #..
#.####..## #. ....


You could see 2 jackals.

Vanquished Creatures
  A goblin (D:1)
  A hobgoblin (D:1)
  2 kobolds (D:1)
4 creatures vanquished.

Notes
Turn   | Place    | Note
-------+----------+-------------------------------------------
     0 | D:1      | bli the Demonspawn Wanderer began the quest for the Orb.
     0 | D:1      | bli set off with the following items: a +0 hand crossbow,
                  | 24 bolts, a scroll of teleportation, a +0 robe, a ration;
                  | and the following spell memorised: Magic Dart; and the
                  | following spells available to memorise: Blink, Call Imp,
                  | Slow, Conjure Flame, Mephitic Cloud
     0 | D:1      | Reached XP level 1. HP: 15/15 MP: 5/5
   182 | D:1      | Slain by a jackal

Levels and vault maps discovered:
D:1:      onia_arrival_mini_spirals, layout_rooms

Action                   || total
-------------------------++-------
Melee: Club              ||    16
 Cast: Magic Dart        ||    10
Armor: Leather armour    ||     9
       Robe              ||     1
Dodge: Dodged            ||    20

Table legend:
 A = Non-vault XP
 B = Vault XP
 C = Vault XP percentage of total XP
 D = Non-vault monster count
 E = Vault monster count
 F = Vault count percentage of total count
                 A         B        C        D         E       F
            +---------+---------+-------+---------+---------+-------
      Total |       7 |       0 |   0.0 |       4 |       0 |   0.0
            +---------+---------+-------+---------+---------+-------
        D:1 |       7 |       0 |   0.0 |       4 |       0 |   0.0
            +---------+---------+-------+---------+---------+-------
